 Dungeon Crawl Stone Soup version 0.30-a0-1008-g30c9307041 (webtiles) character file.

Game seed: 16817389311581827496

11558 soylentgreeen202 the Zephyrmancer (level 11, 0/86 HPs)
             Began as a Demigod Air Elementalist on Apr 5, 2023.
             Succumbed to a water moccasin's poison
             ... on level 1 of the Lair of Beasts on Apr 6, 2023.
             The game lasted 02:18:19 (23013 turns).

soylentgreeen202 the Zephyrmancer (DgAE)           Turns: 23013, Time: 02:18:21

Health: 0/86       AC: 20    Str: 23    XL:     11   Next: 26%
Magic:  16/20      EV:  7    Int: 21    God:
Gold:   193        SH:  0    Dex: 14    Spells: 8/18 levels left

rFire   . . .      SeeInvis .    g - +1 whip (spect)
rCold   . . .      Faith    .    (no shield)
rNeg    + . .      Spirit   .    m - +4 plate armour
rPois   .          Reflect  .    p - +0 helmet
rElec   .          Rampage  .    (no cloak)
rCorr   .                        r - +0 pair of gloves
Will    +....                    (no boots) Stlth
                                 (no amulet)
HPRegen 0.34/turn                T - +1 ring of intelligence
MPRegen 0.17/turn                Y - ring of Punouk {rN+ Str+2 Int+3}

@: lethally poisoned (0 -> -4)
A: high MP 1, forlorn, divine attributes
a: no special abilities


You were on level 1 of the Lair of Beasts.
You visited 2 branches of the dungeon, and saw 12 of its levels.
You also visited: Ossuary.

You collected 988 gold pieces.
You spent 795 gold pieces at shops.

Inventory:

Hand Weapons
 e - a +0 dagger
 g - a +1 spectral whip (weapon)
 j - a +0 short sword
 u - a +1 dagger of draining
 E - a +5 morningstar
 J - a +2 dagger of electrocution
 K - a +0 trident
Missiles
 k - 106 stones
 t - 27 poisoned darts (quivered)
 Z - a throwing net
Armour
 a - a +0 robe
 m - a +4 plate armour (worn)
 o - a +0 animal skin
 p - a +0 helmet (worn)
 r - a +0 pair of gloves (worn)
 v - a +3 leather armour of poison resistance
 y - a +0 crystal plate armour
 B - an orb of energy
 Q - +0 acid dragon scales
 S - +0 steam dragon scales
 X - a +0 buckler
Magical Staves
 R - a staff of cold
 U - a staff of conjuration
Jewellery
 d - a ring of see invisible
 O - a ring of poison resistance
 T - a +1 ring of intelligence (left hand)
 Y - the ring of Punouk (right hand) {rN+ Str+2 Int+3}
   (You bought it in a shop on level 4 of the Dungeon)

   [ring of positive energy]

   Str:       It affects your strength (+2).
   Int:       It affects your intelligence (+3).
   rN:        It protects you from negative energy.
Wands
 x - a wand of digging (4)
 F - a wand of mindburst (14)
 G - a wand of polymorph (4)
 I - a wand of flame (15)
 N - a wand of roots (5)
Scrolls
 i - 3 scrolls of immolation
 w - a scroll of teleportation
 D - a scroll of poison
 M - 4 scrolls of identify
 V - a scroll of enchant weapon
Potions
 b - 3 potions of magic
 c - 2 potions of berserk rage
 f - a potion of lignification
 h - 3 potions of degeneration
 n - a potion of curing
 q - 3 potions of brilliance
 z - a potion of attraction
 A - a potion of invisibility {unknown}
 C - a potion of mutation {unknown}
 H - a potion of ambrosia {unknown}
 L - 2 potions of cancellation {unknown}
 P - a potion of resistance {unknown}
 W - 2 potions of might {unknown}


   Skills:
 - Level 5.0 Fighting
 - Level 4.0 Maces & Flails
 - Level 8.0 Armour
 - Level 2.0 Dodging
 - Level 2.0 Stealth
 - Level 4.0 Spellcasting
 - Level 6.0 Conjurations
 * Level 11.5 Air Magic


You had 8 spell levels left.
You knew the following spells:

 Your Spells              Type           Power      Damage    Failure   Level
a - Shock                 Conj/Air       100%       1d9       4%          1
b - Static Discharge      Conj/Air       82%        2-6/arc   7%          2
c - Swiftness             Air            52%        N/A       4%          3
d - Airstrike             Air            26%        2d(4-20)  14%         4

Your spell library contained the following spells:

 Spells                   Type           Power      Damage    Failure   Level
 Stone Arrow              Conj/Erth      32%        3d9       82%         3
 Apportation              Tloc           8%         N/A       86%         1
 Necrotise                Necr           16%        1d4       86%         1
 Ensorcelled Hibernation  Hex/Ice        8%         N/A       94%         2
 Spider Form              Tmut/Pois      4%         N/A       99%         3
 Vampiric Draining        Necr           4%         2d6       99%         3
 Anguish                  Hex/Necr       2%         N/A       100%        4
 Animate Armour           Summ/Erth      8%         N/A       100%        4
 Agony                    Necr           4%         N/A       100%        5
 Alistair's Intoxication  Tmut/Pois      2%         N/A       100%        5
 Lehudib's Crystal Spear  Conj/Erth      8%         10d3      100%        8


Dungeon Overview and Level Annotations

Branches:
Dungeon (11/15)              Lair (1/5) D:10            Orc (0/2) D:10
Ossuary (visited)
 Temple: D:4-7

Shops:
D:2 [   D:3 [   D:4 =!   D:8 =   D:9 (   D:10 ((*[:

Annotations:
D:3 exclusion: downstairs
D:9 1 exclusion, Erolcha
Lair:1 Gastronok


Innate Abilities, Weirdness & Mutations

You have an increased reservoir of magic. (+10% MP)
You shall have no god before yourself.
Your divine heritage dramatically boosts your attributes as you level up.


Message History

You feel sick. The water moccasin barely misses you.
The water moccasin attacks as you move away!
The water moccasin barely misses you.
You feel sick.
You feel sick.
The komodo dragon bites you but does no damage.
The water moccasin bites you but does no damage.
A rime drake comes into view.
You feel sick.
The rime drake hisses angrily.
The komodo dragon attacks as you move away!
The komodo dragon barely misses you.
You feel sick.
The komodo dragon hisses menacingly.
You feel sick.
You are no longer poisoned.
The water moccasin closely misses you.
The water moccasin completely misses you.
The water moccasin attacks as you move away!
The water moccasin bites you but does no damage.
The komodo dragon attacks as you move away!
The komodo dragon bites you but does no damage.
The water moccasin attacks as you move away!
The water moccasin bites you but does no damage.
The water moccasin bites you.
You are poisoned.
The water moccasin poisons you!
The komodo dragon attacks as you move away!
The komodo dragon bites you.
You feel very sick.
The komodo dragon attacks as you move away!
The komodo dragon bites you but does no damage.
You feel sick.
The komodo dragon hisses menacingly.
You feel sick.
The water moccasin attacks as you move away!
The water moccasin bites you!
* * * LOW HITPOINT WARNING * * *
The komodo dragon attacks as you move away!
The komodo dragon bites you!!
* * * LOW HITPOINT WARNING * * *
You die...

...## .####...# ....# #...
.....## .. ...# .... ......##.
...# ...## #.##.##.......
#..## ....##.# #....P#... ...#
.#.....# #...##..### ...### .
#####.### #..###...# #....# .#
##...####..##..l.####....##..#
#...#........@#S.k.##........#
# #†#####..####.#.##........#
# #.# #..# ##.####..#...## #
### ##.# #.###..#....# # ###
##.#......#...# #
#....#.####..# .# #####.##
##.# ## ### .# # #


You could see a komodo dragon.

Vanquished Creatures
  2 two-headed ogres
  Pikel (D:4)
  A cyclops (shapeshifter) (D:11)
  A cane toad (Lair:1)
  An unseen horror (D:8)
  3 trolls
  Prince Ribbit (D:9)
  2 wraiths
  Sigmund (D:2)
  2 wyverns
  11 yaks
  A steam dragon (D:8)
  A basilisk (D:8)
  2 acid dragons
  6 water moccasins
  A black bear (D:8)
  6 orc warriors
  2 ice beasts
  A sky beast (D:8)
  2 ogres (D:5)
  4 wolves
  3 centaurs
  Blork the orc (D:5)
  2 lemures (D:4)
  A phantom (D:5)
  3 kobold brigands
  3 bullfrogs
  3 scorpions
  2 gnoll sergeants (D:9)
  11 wights
  5 killer bees
  2 howler monkeys
  An electric eel (D:10)
  2 centaur zombies (Ossuary)
  A jelly (D:6)
  7 hounds
  3 orc priests
  2 iguanas
  18 orc wizards
  3 mummies
  Robin (D:2)
  14 gnolls
  13 adders
  An ufetubus (D:5)
  A worm (D:4)
  6 dart slugs
  44 orcs
  10 ball pythons
  8 endoplasms
  2 giant cockroaches
  18 goblins
  11 hobgoblins
  19 jackals
  24 kobolds
  3 quokkas
  3 training dummies (D:9)
  5 bats
  4 frilled lizards
  5 gnoll zombies (Ossuary)
  3 goblin zombies (Ossuary)
  3 hobgoblin zombies (Ossuary)
  An orc zombie (Ossuary)
  5 rats
329 creatures vanquished.

Vanquished Creatures (others)
  A fungus (Lair:1)
1 creature vanquished.

Grand Total: 330 creatures vanquished

Notes
Turn   | Place    | Note
-------+----------+-------------------------------------------
     0 | D:1      | soylentgreeen202 the Demigod Air Elementalist began the
                  | quest for the Orb.
     0 | D:1      | Reached XP level 1. HP: 14/14 MP: 5/5
    40 | D:1      | Reached skill level 1 in Conjurations
   256 | D:1      | Noticed a golden eye
   261 | D:1      | Noticed a golden eye
   267 | D:1      | Noticed a floating eye
   365 | D:1      | Reached skill level 3 in Air Magic
   365 | D:1      | Reached XP level 2. HP: 15/20 MP: 1/7
  1093 | D:1      | Noticed a great orb of eyes
  1306 | D:2      | Reached XP level 3. HP: 13/26 MP: 1/8
  1514 | D:2      | Noticed Robin
  1529 | D:2      | Killed Robin
  1684 | D:2      | Reached skill level 1 in Armour
  1684 | D:2      | Reached skill level 4 in Air Magic
  1989 | D:2      | Reached XP level 4. HP: 30/33 MP: 3/9
  2152 | D:2      | Found Gofuc's Armour Shoppe.
  2210 | D:2      | Bought a +0 pair of gloves for 63 gold pieces
  2858 | D:2      | Noticed Sigmund
  2860 | D:2      | Upgraded the game from 0.30-a0-996-ga6910c8ee8 to
                  | 0.30-a0-1008-g30c9307041
  3957 | D:3      | Reached XP level 5. HP: 32/38 MP: 10/10
  4269 | D:3      | Found Luquchax's Armour Boutique.
  4685 | D:4      | Found Aluniune's Jewellery Boutique.
  4915 | D:4      | Found a sand-covered staircase.
  4928 | Ossuary  | Entered an ossuary
  4999 | Ossuary  | Learned a level 2 spell: Static Discharge
  5003 | Ossuary  | Learned a level 3 spell: Swiftness
  5152 | Ossuary  | Reached XP level 6. HP: 36/45 MP: 0/11
  5550 | Ossuary  | Reached skill level 5 in Armour
  5779 | D:3      | inshop
  5876 | D:4      | Found Hiefedobb's Distillery.
  5992 | D:4      | Noticed Pikel
  6356 | D:4      | Found Biblad's Book Boutique.
  7096 | D:5      | Entered Level 5 of the Dungeon
  7178 | D:3      | Bought a +3 leather armour of poison resistance for 252
                  | gold pieces
  7425 | D:5      | Noticed Blork the orc
  7803 | D:4      | Killed Pikel
  7804 | D:4      | Reached skill level 5 in Conjurations
  7804 | D:4      | Reached XP level 7. HP: 38/50 MP: 0/13
  8282 | D:5      | Learned a level 4 spell: Airstrike
  8659 | D:5      | Reached skill level 5 in Air Magic
  8726 | D:5      | Reached XP level 8. HP: 50/57 MP: 2/14
  8982 | D:5      | Reached skill level 6 in Air Magic
  9449 | D:5      | Found the +2 Maxwell's thermic engine {flame, freeze, rev}
  9572 | D:5      | Killed Blork the orc
 10091 | D:6      | Reached skill level 7 in Air Magic
 10398 | D:6      | Reached skill level 8 in Air Magic
 10470 | D:6      | Reached skill level 1 in Fighting
 10774 | D:6      | Reached XP level 9. HP: 31/68 MP: 8/15
 11307 | D:2      | Killed Sigmund
 11510 | D:7      | Identified the +0 war axe of the Median {venom, Str-5 Int+5
                  | Stlth+}
 11710 | D:7      | Reached skill level 1 in Maces & Flails
 13699 | D:8      | Reached skill level 9 in Air Magic
 13707 | D:8      | Found Qozu's One-of-a-Kind Rings.
 13727 | D:8      | Bought a +1 ring of intelligence for 30 gold pieces
 15306 | D:8      | Reached XP level 10. HP: 67/78 MP: 7/16
 16053 | D:9      | Reached skill level 10 in Air Magic
 16519 | D:9      | Noticed Erolcha
 16558 | D:9      | Found Bitwes's Firing Range.
 17287 | D:9      | Noticed Prince Ribbit
 17296 | D:9      | Learned a level 4 spell: Airstrike
 17300 | D:9      | Killed Prince Ribbit
 17909 | D:9      | Noticed a two-headed ogre
 17913 | D:9      | Killed a two-headed ogre
 18421 | D:4      | Bought the ring of Punouk {rN+ Str+2 Int+3} for 450 gold
                  | pieces
 18550 | D:10     | Entered Level 10 of the Dungeon
 18979 | D:10     | Found Cimeirr's Antique Armour Shoppe.
 18981 | D:10     | Noticed a boulder beetle
 18982 | D:10     | Found Vorusoblik's Book Shop.
 19006 | D:10     | Found Husi's Assorted Antiques.
 19178 | D:10     | Found a staircase to the Orcish Mines.
 19685 | D:10     | Noticed a two-headed ogre
 19704 | D:10     | Killed a two-headed ogre
 19870 | D:10     | Reached skill level 5 in Fighting
 21043 | D:11     | Noticed a fire crab
 21074 | D:11     | a fire crab changed into a cyclops
 21074 | D:11     | Noticed a cyclops (shapeshifter)
 21132 | D:11     | Killed a cyclops
 21133 | D:11     | Reached XP level 11. HP: 63/86 MP: 15/20
 21663 | D:11     | Noticed a skeletal warrior
 21663 | D:11     | Noticed a skeletal warrior
 21839 | D:10     | Reached skill level 11 in Air Magic
 21927 | D:10     | HP: 4/86 [boulder beetle (13)]
 21928 | D:10     | Found a staircase to the Lair.
 22271 | D:10     | Found Peitruq's Antique Weapon Shoppe.
 22303 | D:10     | Found Cueterr's Antique Weapon Shop.
 22696 | Lair:1   | Entered Level 1 of the Lair of Beasts
 22790 | Lair:1   | Noticed Gastronok
 23013 | Lair:1   | HP: 2/86 [komodo dragon (22)]
 23013 | Lair:1   | Succumbed to a water moccasin's poison

Illustrated notes

##..#.###
#.....#..
###.#.#.#..
#.......#..
###.#.#.#...#
##............
##..#.#.#.#.#.#
####..............
#@................
#>####.......#####
##...###.#.####
#.....##.#.#
#........#.#
#.....####.#
##...## #.# #..##
##.########
#..#####..........


Turn 5779 on D:3: inshop

Levels and vault maps discovered:
D:1:      amcnicky_arrival_flooded_fountain, layout_loops_ring,
          hellmonk_ecumenical_altar_watching_god, serial_glass, glass_columns_b,
          glass_columns_a
D:2:      minmay_chambers_of_ones, layout_basic, serial_shops, shop,
          grunt_ministairs_9, uniq_sigmund, uniq_robin
D:3:      layout_loops_ring, kennysheep_okawaru_gauntlet, serial_shops,
          nicolae_shop_behind_doors, hangedman_decor_riveting,
          kennysheep_cross_room, reono_crystal_passage
D:4:      layout_loops_ring, cheibriados_altar_1,
          nicolae_ru_great_annihilating_truth, gup_ossuary_entry_pyramid,
          serial_shops, shop, kennysheep_mini, shop,
          chequers_hall_statues_corner_a, uniq_pikel
D:5:      layout_loops_ring, grunt_temple_overflow_gold_and_silver, tgw_sif
D:6:      layout_loops_ring, minmay_temple_entry_from_below_a,
          grunt_decor_fettered
D:7:      layout_basic, mainiacjoe_overflow_chevrons
D:8:      hangedman_cross_stitches, layout_basic,
          nicolae_dithmenos_through_a_glass_darkly, nicolae_shop_unique_rings
D:9:      layout_irregular_city, chequers_temple_overflow_minitemple,
          minmay_misc_feat_alley, nicolae_shop_firing_range, uniq_erolcha,
          uniq_prince_ribbit1
D:10:     layout_basic, mainiacjoe_overflow_cross_hatched, erik_lair_island,
          david_orc_2, serial_shops, nicolae_square_shop, nicolae_square_shop,
          nicolae_shop_competitors_out_of_business, shop_coins,
          nicolae_shop_statue_plus
D:11:     layout_stronghold, minmay_misc_feat_cross
Lair:1:   layout_layer_cave, fungi_pond_lemuel, uniq_gastronok

Skill      XL: |  1  2  3  4  5  6  7  8  9 10 11 |
---------------+----------------------------------+-----
Conjurations   | 1 5 6 |  6.0
Stealth        | 2 |  2.0
Dodging        | 2 |  2.0
Spellcasting   | 2 4 |  4.0
Air Magic      | 3 4 5 8 9 10 11 | 11.5
Armour         | 1 3 4 5 8 |  8.0
Fighting       | 2 4 5 |  5.0
Maces & Flails | 4 |  4.0

Action                     |  1- 3 |  4- 6 |  7- 9 | 10-12 || total
---------------------------+-------+-------+-------+-------++-------
  Melee: Dagger            |    43 |   168 |       |       ||   211
         Unarmed           |     1 |       |       |       ||     1
         Short sword       |       |   175 |    20 |       ||   195
         Punch             |       |     3 |     3 |       ||     6
         Whip              |       |       |    44 |    89 ||   133
  Throw: Dart              |       |       |       |    26 ||    26
   Cast: Shock             |    78 |   136 |   290 |   205 ||   709
         Static Discharge  |       |     6 |    34 |    14 ||    54
         Airstrike         |       |       |       |    20 ||    20
  Evoke: Wand              |       |       |     5 |       ||     5
    Use: Scroll            |     3 |     6 |    10 |    10 ||    29
         Potion            |       |     2 |       |     6 ||     8
   Stab: Sleeping          |     2 |     7 |     4 |       ||    13
         Paralysed         |       |     1 |       |       ||     1
 Armour: Robe              |    16 |    72 |       |       ||    88
         Plate armour      |       |   135 |       |   207 ||   342
         Leather armour    |       |     3 |   119 |    16 ||   138
  Dodge: Dodged            |    59 |   183 |   187 |   120 ||   549

Table legend: (Time is in decaauts)
 A = Elapsed time spent in this place.
 B = Non-inter-level travel time spent in this place.
 C = Inter-level travel time spent in this place.
 D = Time resting spent in this place.
 E = Time spent auto-exploring this place.
 F = Levels seen in this place.
 G = Mean time per level.
                   A        B        C        D        E       F      G
               +--------+--------+--------+--------+--------+-----+--------+
         Total |  23080 |  20927 |   2153 |   8863 |   5129 |  13 | 1775.4 |
       Dungeon |  21935 |  19782 |   2153 |   8271 |   5074 |  11 | 1994.1 |
          Lair |    315 |    315 |      0 |    111 |      5 |   1 |  315.0 |
       Ossuary |    829 |    829 |      0 |    481 |     50 |   1 |  829.0 |
               +--------+--------+--------+--------+--------+-----+--------+

Top non-repeatable levels by time:
     D:8: 3979 daAuts
     D:9: 2820 daAuts
     D:4: 2751 daAuts
     D:3: 1954 daAuts
    D:10: 1906 daAuts
     D:2: 1865 daAuts
     D:6: 1645 daAuts
     D:5: 1494 daAuts
     D:7: 1344 daAuts
     D:1: 1238 daAuts
    D:11: 937 daAuts
 Ossuary: 829 daAuts
  Lair:1: 315 daAuts
